 Dungeon Crawl Stone Soup version 0.21-a0-634-gaf8bc5d (webtiles) character file.

102 wvc the Cutter (level 4, -9/21 HPs)
             Began as a Vine Stalker Artificer on Dec 29, 2017.
             Was a Follower of Cheibriados.
             Killed by divine providence
             ... invoked by an orc priest
              (11 damage)
             ... on level 3 of the Dungeon.
             The game lasted 00:04:17 (2395 turns).

wvc the Cutter (Vine Stalker Artificer)             Turns: 2395, Time: 00:04:18

Health: -9/21      AC:  8    Str: 16    XL:     4   Next: 77%
Magic:  0/7        EV: 12    Int: 14    God:    Cheibriados [*.....]
Gold:   95         SH:  0    Dex: 17    Spells: 3/3 levels left

rFire    + . .     SeeInvis .   l - +0 dagger
rCold    . . .     Gourm    .   (no shield)
rNeg     . . .     Faith    .   b - +1 leather armour
rPois    .         Spirit   +   (no helmet)
rElec    .         Reflect  .   (no cloak)
rCorr    .         Harm     .   (no gloves)
MR       .....                  j - +0 pair of boots
Stlth    ++........             (no amulet)
HPRegen  0.47/turn              a - +3 ring of protection
MPRegen  0.10/turn              p - ring of protection from fire

@: very slow
A: fangs 2, mutation resistance 1, regeneration 1, magic shield, antimagic bite,
no potion heal 3, rot immunity, subdued magic 1
a: Bend Time, Renounce Religion


You were on level 3 of the Dungeon.
You worshipped Cheibriados.
Cheibriados was aware of your devotion.
You were not hungry.

You visited 1 branch of the dungeon, and saw 3 of its levels.

You collected 95 gold pieces.

Inventory:

Hand Weapons
 l - a +0 dagger (weapon)
Armour
 b - a +1 leather armour (worn)
 j - a +0 pair of boots (worn)
Jewellery
 a - a +3 ring of protection (left hand)
 p - a ring of protection from fire (right hand)
Wands
 c - a wand of flame (15)
 d - a wand of enslavement (15)
 e - a wand of random effects (15)
Scrolls
 h - 3 scrolls of remove curse
Potions
 g - a potion of magic
 i - a potion of agility {unknown}
 m - 3 potions of heal wounds
 q - 3 potions of might {unknown}
 r - a potion of cancellation {unknown}
 u - a potion of curing {unknown}
Books
 o - a book of Changes

   Spells                             Type                      Level
   a - Beastly Appendage              Transmutation                1
   b - Sticks to Snakes               Transmutation                2
   c - Spider Form                    Transmutation/Poison         3
   d - Ice Form                       Ice/Transmutation            4
   e - Blade Hands                    Transmutation                5
Comestibles
 f - a ration
 k - 4 chunks of flesh


   Skills:
 - Level 0.8 Fighting
 + Level 4.0 Short Blades
 - Level 1.5 Dodging
 - Level 1.2 Stealth
 - Level 2.6 Evocations


You had 3 spell levels left.
You didn't know any spells.

Dungeon Overview and Level Annotations

Branches:
Dungeon (3/15)

Altars:
Cheibriados
Hepliaklqana


Innate Abilities, Weirdness & Mutations

You have extremely sharp teeth.
Your natural rate of healing is unusually fast.
When hurt, damage is shared between your health and your magic reserves.
Your bite disrupts and absorbs the magic of your enemies.
Potions cannot restore your health.
You are immune to rotting.
You are somewhat resistant to further mutation.
Your spells are a little easier to cast, but a little less powerful.


Message History

You barely miss the orc priest. Your bite misses the orc priest.
The orc priest is lightly wounded.
The orc priest completely misses you.
You hit the orc priest but do no damage.
You bite the orc priest. You drain its power.
You feel invigorated.
The orc priest is moderately wounded.
The orc priest hits you.
You closely miss the orc priest.
The orc priest is moderately wounded.
The orc priest invokes the aid of Beogh against you.
Pain shoots through your body!
* * * LOW HITPOINT WARNING * * *
You hit the orc priest. Your bite misses the orc priest.
The orc priest is heavily wounded.
You hit the orc priest.
The orc priest is severely wounded.
The orc priest invokes the aid of Beogh against you.
Beogh smites you!
Ouch! That really hurt!
You die...

..........###.# #...
...>....#.###.##########
........................
#######.#..##.#.........
#.#...#.#.#.######
#.#.#.#.#.#.......
#.#.#.#.#.#.....##
#.#.#...#.#.....##
#@#.##..#..<[....#
#o#.##..###)####.#
#.#.###........... #.#.#
#..##+####..
#.#.###.........##
#.#...............
#.#####.........##
#.#####.........#
=...............#


You could see an orc priest.

Vanquished Creatures
  3 adders
  A dart slug (D:2)
  5 leopard geckos
  5 orcs
  A ball python (D:2)
  6 bats (D:2)
  5 giant cockroaches
  9 goblins
  8 hobgoblins
  3 kobolds
  A quokka (D:3)
  A ball python skeleton (D:2)
  3 frilled lizards
  7 rats
58 creatures vanquished.

Notes
Turn   | Place    | Note
-------+----------+-------------------------------------------
     0 | D:1      | wvc the Vine Stalker Artificer began the quest for the Orb.
     0 | D:1      | Reached XP level 1. HP: 9/9 MP: 3/3
    44 | D:1      | Reached skill level 1 in Short Blades
   308 | D:1      | Reached XP level 2. HP: 14/14 MP: 3/5
   443 | D:1      | Reached skill level 2 in Short Blades
  1111 | D:2      | Reached XP level 3. HP: 14/17 MP: 6/6
  1331 | D:2      | Reached skill level 3 in Short Blades
  1582 | D:2      | Gained mutation: Your natural rate of healing is unusually fast. [Vine Stalker growth]
  1582 | D:2      | Reached XP level 4. HP: 21/21 MP: 7/7
  1931 | D:2      | Found a snail-covered altar of Cheibriados.
  1936 | D:2      | Became a worshipper of Cheibriados the Contemplative
  2163 | D:3      | Gained mutation: Your muscles are strong. (Str +2) [potion of mutation]
  2163 | D:3      | Gained mutation: You have a pair of small antennae on your head. [potion of mutation]
  2163 | D:3      | Gained mutation: You are somewhat resistant to further mutation. [potion of mutation]
  2164 | D:3      | Lost mutation: You have a pair of small antennae on your head. [potion of mutation]
  2164 | D:3      | Lost mutation: Your muscles are strong. (Str +2) [potion of mutation]
  2164 | D:3      | Gained mutation: Your spells are a little easier to cast, but a little less powerful. [potion of mutation]
  2288 | D:3      | Reached * piety under Cheibriados
  2288 | D:3      | Reached skill level 4 in Short Blades
  2319 | D:3      | Found a hazy altar of Hepliaklqana.
  2393 | D:3      | HP: 1/21 [orc priest/nerve-wracking pain (9)]
  2395 | D:3      | Killed from afar by an orc priest

Vault maps used:
D:1:      dpeg_arrival_radiant
D:2:      marbit_many_paths, first_ration
D:3:      nicolae_overflow_hidden_temple, lemuel_coloured_pillars_altar,
          chequers_ecumenical_altar_grove, uniq_jessica

Skill      XL: |  1  2  3  4 |
---------------+-------------+-----
Short Blades   | 1 2 3 4 |  4.0
Fighting       | |  0.8
Dodging        | |  1.5
Stealth        | |  1.2
Evocations     | |  2.6

Action                   |  1- 3 |  4- 6 || total
-------------------------+-------+-------++-------
Melee: Short sword       |    35 |       ||    35
       Bite              |    35 |    20 ||    55
       Dagger            |   111 |    82 ||   193
  Use: Scroll            |       |     7 ||     7
       Potion            |       |     2 ||     2
 Stab: Sleeping          |     6 |     1 ||     7
  Eat: Chunk             |     2 |       ||     2
       Ration            |       |     1 ||     1
Armor: Leather armour    |    44 |    15 ||    59
Dodge: Dodged            |    96 |    49 ||   145

Table legend:
 A = Spawn XP
 B = Non-spawn XP
 C = Spawn XP percentage of total XP
 D = Spawn monster count
 E = Non-spawn monster count
 F = Spawn count percentage of total count
 G = Total turns spent on level
                    A         B        C        D         E        F      G
               +---------+---------+-------+---------+---------+-------+---------
         Total |       0 |     146 |   0.0 |       0 |      58 |   0.0 |  2395
               +---------+---------+-------+---------+---------+-------+---------
           D:1 |       0 |      24 |   0.0 |       0 |      14 |   0.0 |   928
           D:2 |       0 |      73 |   0.0 |       0 |      30 |   0.0 |  1091
           D:3 |       0 |      49 |   0.0 |       0 |      14 |   0.0 |   376
               +---------+---------+-------+---------+---------+-------+---------
